 Dungeon Crawl Stone Soup version 0.23.1-37-gaa34b87b72 (webtiles) character file.

Game seed: 9494081483617175585

1092 PentaManta the Spear-Bearer (level 8, -1/63 HPs)
             Began as a Merfolk Berserker on Mar 26, 2019.
             Was a Priest of Trog.
             Slain by a worker ant (4 damage)
             ... on level 5 of the Dungeon.
             The game lasted 00:07:41 (3891 turns).

PentaManta the Spear-Bearer (Merfolk Berserker)     Turns: 3891, Time: 00:07:42

Health: -1/63      AC:  6    Str: 17 (20) XL:     8   Next: 31%
Magic:  17/17      EV: 13    Int:  4 (6)  God:    Trog [***...]
Gold:   441        SH:  0    Dex: 11 (13) Spells: 7/7 levels left

rFire    . . .     SeeInvis .   q - +0 trident
rCold    . . .     Gourm    .   (no shield)
rNeg     + . .     Faith    .   v - +0 ring mail
rPois    .         Spirit   .   (no helmet)
rElec    .         Reflect  .   (no cloak)
rCorr    .         Harm     .   l - +0 pair of gloves (curse)
MR       .....                  (no boots)
Stlth    +.........             (no amulet)
HPRegen  0.20/turn              s - ring of positive energy
MPRegen  0.15/turn              f - ring of magical power

@: berserk cooldown, slowed, very slow
A: change form in water, swift swim, stealthy swim
a: Berserk, Trog's Hand, Renounce Religion


You were on level 5 of the Dungeon.
You worshipped Trog.
Trog was most pleased with you.
You were hungry.

You visited 1 branch of the dungeon, and saw 5 of its levels.

You collected 441 gold pieces.

Inventory:

Hand Weapons
 q - a +0 trident (weapon)
Armour
 l - a cursed +0 pair of gloves (worn)
 t - a +0 buckler
 v - a +0 ring mail (worn)
Jewellery
 f - a ring of magical power (right hand)
 s - a ring of positive energy (left hand)
Wands
 u - a wand of iceblast (10)
 A - a wand of flame (14)
Scrolls
 a - 2 scrolls of noise {unknown}
 b - 2 scrolls of remove curse {unknown}
 d - 5 scrolls of teleportation {unknown}
 g - 2 scrolls of amnesia {unknown}
 i - 7 scrolls of identify {unknown}
 j - 2 scrolls of magic mapping {unknown}
 k - a scroll of blinking {unknown}
 p - a scroll of immolation {unknown}
 w - a scroll of random uselessness {unknown}
 y - a scroll of fog {unknown}
Potions
 e - 2 potions of magic
 h - a potion of might {unknown}
 m - a potion of heal wounds {unknown}
 n - a potion of agility {unknown}
 o - a potion of degeneration
 r - a potion of resistance {unknown}
 x - a potion of invisibility {unknown}
 z - a potion of haste {unknown}
Comestibles
 c - 8 rations


   Skills:
 + Level 5.6 Fighting
 + Level 9.5 Polearms
 + Level 3.2 Armour
 + Level 5.5 Dodging
 + Level 2.9 Stealth


You had 7 spell levels left.
You didn't know any spells.
Your spell library was empty.

Dungeon Overview and Level Annotations

Branches:
Dungeon (5/15)
 Temple: D:4-7

Altars:
Makhleb
Ru
Uskayaw
Vehumet
Wu Jian


Message History

You are no longer berserk.
You are exhausted.
You feel yourself slow down. The gnoll hits you with a +0 spear.
* * * LOW HITPOINT WARNING * * *
Unknown command.
It was a potion of magic.
Magic courses through your body. The gnoll hits you with a +0 spear.
* * * LOW HITPOINT WARNING * * *
The worker ant closely misses you.
It was a potion of degeneration.
There was something very wrong with that liquid.
You feel weakened.
You feel dopey.
You feel clumsy. The gnoll hits you but does no damage.
The worker ant bites you.
* * * LOW HITPOINT WARNING * * *
The gnoll hits you with a +0 spear.
* * * LOW HITPOINT WARNING * * *
The worker ant bites you.
* * * LOW HITPOINT WARNING * * *
The gnoll barely misses you. The worker ant bites you.
You die...

......................
................[.......
......................$..
[)...........$.....!(....
.)................>....).
)).......................
#........................
.......##...##...........
.#####.#8...8#..@).....#
.## #.##...##.#)a.....#
... ..##.))####.g.....#
... ..##...# #.......#.$
#..###.#8...8#..##...##
##.#...##...#### #....
.......##...# ..###
####...##...# ...
.....###8...8 ....


You could see a worker ant and a gnoll.

Vanquished Creatures
  Edmund (D:4)
  Duvessa (D:5)
  A phantom (D:4)
  An ogre (D:4)
  Dowan (D:5)
  A scorpion (D:4)
  2 howler monkeys
  2 crimson imps
  A hound (D:4)
  A gnoll shaman (D:5)
  2 orc priests
  An orc wizard (D:2)
  Natasha (twice) (D:4 D:3)
  A worker ant (D:3)
  A hound skeleton (D:5)
  3 gnolls (D:5)
  8 adders
  An ooze (D:4)
  An adder skeleton (D:5)
  3 worms
  4 dart slugs
  2 leopard geckos (D:3)
  8 orcs
  3 ball pythons
  10 bats
  A giant cockroach (D:2)
  5 goblins
  7 hobgoblins
  9 jackals
  9 kobolds
  3 quokkas
  4 frilled lizards
  A leopard gecko skeleton (D:5)
  8 rats
109 creatures vanquished.

Notes
Turn   | Place    | Note
-------+----------+-------------------------------------------
     0 | D:1      | PentaManta the Merfolk Berserker began the quest for the
                  | Orb.
     0 | D:1      | Reached XP level 1. HP: 18/18 MP: 1/1
    63 | D:1      | Reached XP level 2. HP: 19/24 MP: 2/2
   181 | D:1      | Reached skill level 5 in Polearms
   328 | D:1      | Reached XP level 3. HP: 23/30 MP: 3/3
   636 | D:2      | Found a sacrificial altar of Ru.
   647 | D:2      | Reached ** piety under Trog
   658 | D:2      | Reached XP level 4. HP: 31/37 MP: 4/4
   871 | D:2      | Reached skill level 1 in Stealth
  1104 | D:2      | Reached skill level 6 in Polearms
  1161 | D:2      | Found a hide-covered altar of Uskayaw.
  1385 | D:3      | Reached XP level 5. HP: 43/43 MP: 5/5
  1848 | D:3      | Found a radiant altar of Vehumet.
  1848 | D:3      | Found a burning altar of Makhleb.
  1894 | D:3      | Reached *** piety under Trog
  1894 | D:3      | Reached XP level 6. HP: 24/49 MP: 6/6
  2431 | D:4      | Noticed Natasha
  2442 | D:4      | Noticed a phantom
  2446 | D:4      | Killed Natasha
  2446 | D:4      | Reached skill level 7 in Polearms
  2452 | D:4      | HP: 1/50 [adder (3)]
  2456 | D:4      | Noticed Natasha
  2817 | D:3      | Killed Natasha
  2952 | D:4      | Killed a phantom
  2952 | D:4      | Reached skill level 5 in Fighting
  2952 | D:4      | Reached XP level 7. HP: 49/56 MP: 7/7
  3018 | D:4      | Reached skill level 8 in Polearms
  3272 | D:4      | Found an ornate altar of the Wu Jian Council.
  3278 | D:4      | Noticed Edmund
  3297 | D:4      | Killed Edmund
  3623 | D:5      | Entered Level 5 of the Dungeon
  3660 | D:5      | Reached skill level 5 in Dodging
  3754 | D:5      | Reached skill level 9 in Polearms
  3754 | D:5      | Reached XP level 8. HP: 63/63 MP: 8/8
  3814 | D:5      | Noticed Duvessa
  3814 | D:5      | Noticed Dowan
  3824 | D:5      | Killed Duvessa
  3829 | D:5      | Killed Dowan
  3890 | D:5      | HP: 3/63 [worker ant (2)]
  3891 | D:5      | Slain by a worker ant

Skill      XL: |  1  2  3  4  5  6  7  8 |
---------------+-------------------------+-----
Polearms       | 5 6 7 9 |  9.5
Fighting       | 4 5 |  5.6
Dodging        | 3 4 5 |  5.5
Stealth        | 1 2 |  2.9
Armour         | 2 3 |  3.2

Action                   |  1- 3 |  4- 6 |  7- 9 || total
-------------------------+-------+-------+-------++-------
Melee: Spear             |   131 |   106 |       ||   237
       Trident           |       |    70 |   111 ||   181
Invok: Berserk           |       |     4 |     4 ||     8
       Trog's Hand       |       |     2 |     2 ||     4
  Use: Potion            |       |     4 |     2 ||     6
 Stab: Sleeping          |     3 |     9 |       ||    12
       Paralysed         |       |     1 |       ||     1
  Eat: Chunk             |       |     7 |     4 ||    11
       Ration            |       |     1 |     1 ||     2
Armor: Animal skin       |    13 |       |       ||    13
       Leather armour    |     4 |    27 |     2 ||    33
       Ring mail         |       |       |    21 ||    21
Dodge: Dodged            |    48 |   129 |    63 ||   240
